 Dungeon Crawl Stone Soup version 0.22-a0-542-gce4f928 (webtiles) character file.

84 nikopol the Firebug (level 4, -14/24 HPs)
             Began as a Deep Elf Fire Elementalist on June 24, 2018.
             Killed by divine providence
             ... invoked by an orc priest
              (15 damage)
             ... on level 3 of the Dungeon.
             The game lasted 00:04:36 (1448 turns).

nikopol the Firebug (Deep Elf Fire Elementalist)    Turns: 1448, Time: 00:04:37

Health: -14/24     AC:  2    Str:  5    XL:     4   Next: 23%
Magic:  3/12       EV: 13    Int: 21    God:
Gold:   51         SH:  0    Dex: 15    Spells: 5/11 levels left

rFire    . . .     SeeInvis .   (no weapon)
rCold    . . .     Gourm    .   (no shield)
rNeg     . . .     Faith    .   a - +0 robe
rPois    .         Spirit   .   (no helmet)
rElec    .         Reflect  .   (no cloak)
rCorr    .         Harm     .   (no gloves)
MR       .....                  (no boots)
Stlth    ++........             (no amulet)
HPRegen  0.08/turn              (no ring)
MPRegen  0.13/turn              (no ring)

@: lethally poisoned (-14 -> -21)
A: no striking features
a: no special abilities


You were on level 3 of the Dungeon.
You were hungry.

You visited 1 branch of the dungeon, and saw 3 of its levels.

You collected 51 gold pieces.

Inventory:

Armour
 a - a +0 robe (worn)
Jewellery
 j - an uncursed amulet of magic regeneration {unknown}
 q - an uncursed amulet of harm {unknown}
Scrolls
 f - a scroll of teleportation {unknown}
 g - 2 scrolls of identify {unknown}
 h - a scroll of blinking {unknown}
 i - a scroll of remove curse {unknown}
 k - a scroll of enchant armour {unknown}
 l - a scroll of fear {unknown}
 n - a scroll of enchant weapon {unknown}
Potions
 b - 2 potions of haste {unknown}
 d - a potion of lignification {unknown}
 e - a potion of curing {unknown}
 o - a potion of cancellation {unknown}
 p - a potion of might {unknown}
 r - a potion of heal wounds {unknown}
Comestibles
 c - 6 rations
 m - a chunk of flesh


   Skills:
 + Level 2.8 Dodging
 + Level 2.7 Stealth
 + Level 4.1 Spellcasting
 + Level 1.8 Conjurations
 + Level 4.4 Fire Magic


You had 5 spell levels left.
You knew the following spells:

 Your Spells              Type           Power        Failure   Level  Hunger
a - Flame Tongue          Conj/Fire      ###..        3%          1    None
b - Throw Flame           Conj/Fire      ###...       4%          2    #......
c - Conjure Flame         Conj/Fire      ###.....     10%         3    ###....

Your spell library contained the following spells:

 Spells                   Type           Power        Failure   Level  Hunger
 Fireball                 Conj/Fire      ###.......   65%         5    ######.
 Sticky Flame             Conj/Fire      ###.....     32%         4    ####...
 Inner Flame              Hex/Fire       ##......     14%         3    ###....


Dungeon Overview and Level Annotations

Branches:
Dungeon (3/15)

Altars:
Elyvilon
Uskayaw

Annotations:
D:2 Terence


Message History

The flame tongue misses the worker ant.
The flame tongue hits the orc.
You kill the orc!
You feel sick. The worker ant bites you.
* * * LOW HITPOINT WARNING * * *
Casting: Flame Tongue (safe; 3% risk of failure)
Confirm with . or Enter, or press ? or * to list all spells.
Aiming: Flame Tongue (safe; 3% risk of failure)
Press: ? - help, Shift-Dir - straight line, f - worker ant
Aim: a worker ant (heavily wounded)
The flame tongue hits the worker ant.
You kill the worker ant!
Your Spellcasting skill increases to level 4!
You have reached level 4!
You feel clever.
* * * LOW HITPOINT WARNING * * *
You feel sick.
The orc priest invokes the aid of Beogh against you.
Beogh smites you!
Ouch! That really hurt!
You die...

. .## ##### #.. ...#
### #.#####.####.##
#.............##
#.#####.##.#....
###.#####.###.#...
#.........# ##.#.# #
#@#.##.#### ###.# #.
#.#.##.# #.# #..
#o###### #.#
#...#######.# #..
#.........#o######
#..
..........#......# .
#.#
.......o......#..# .
#.#
.....o....###.#..#.#
#.#
#...#####.#......#.#
#..


You could see an orc priest and an orc.

Vanquished Creatures
  A worker ant (D:3)
  An adder (D:2)
  An ooze (D:2)
  A worm (D:2)
  2 leopard geckos
  An orc (D:3)
  5 bats
  A giant cockroach (D:2)
  2 goblins (D:1)
  4 hobgoblins
  4 jackals (D:2)
  6 kobolds
  6 frilled lizards
  7 rats
42 creatures vanquished.

Notes
Turn   | Place    | Note
-------+----------+-------------------------------------------
     0 | D:1      | nikopol the Deep Elf Fire Elementalist began the quest for the Orb.
     0 | D:1      | Reached XP level 1. HP: 10/10 MP: 6/6
   127 | D:1      | Reached XP level 2. HP: 15/15 MP: 6/8
   626 | D:2      | Noticed Terence
   648 | D:1      | Learned a level 2 spell: Throw Flame
   723 | D:2      | Found a white marble altar of Elyvilon.
   792 | D:2      | Reached XP level 3. HP: 19/19 MP: 6/10
   797 | D:2      | Learned a level 3 spell: Conjure Flame
   866 | D:2      | Found a hide-covered altar of Uskayaw.
  1448 | D:3      | Reached XP level 4. HP: 2/24 MP: 3/12
  1448 | D:3      | HP: 1/24 [poisoned by a worker ant]
  1448 | D:3      | Killed from afar by an orc priest

Vault maps used:
D:1:      dpeg_arrival_rooms_b
D:2:      old_standard_altar, serial_bayou, serial_bayou_shore_a,
          serial_bayou_lagoon_a, serial_bayou_pond_d, serial_bayou_pond_d,
          first_ration, elyvilon_altar_3, uniq_terence
D:3:      portal_sewer_entry_d

Skill      XL: |  1  2  3 |
---------------+----------+-----
Fire Magic     | 4 |  4.4
Spellcasting   | 4 |  4.1
Dodging        | |  2.8
Stealth        | |  2.7
Conjurations   | |  1.8

Action                   |  1- 3 |  4- 6 || total
-------------------------+-------+-------++-------
Melee: Unarmed           |     1 |       ||     1
 Cast: Flame Tongue      |    74 |     1 ||    75
  Eat: Chunk             |     1 |       ||     1
Armor: Robe              |     4 |       ||     4
Dodge: Dodged            |    22 |       ||    22

Table legend:
 A = Spawn XP
 B = Non-spawn XP
 C = Spawn XP percentage of total XP
 D = Spawn monster count
 E = Non-spawn monster count
 F = Spawn count percentage of total count
 G = Total turns spent on level
                    A         B        C        D         E        F      G
               +---------+---------+-------+---------+---------+-------+---------
         Total |       0 |     120 |   0.0 |       0 |      42 |   0.0 |  1448
               +---------+---------+-------+---------+---------+-------+---------
           D:1 |       0 |      31 |   0.0 |       0 |      21 |   0.0 |   613
           D:2 |       0 |      46 |   0.0 |       0 |      15 |   0.0 |   729
           D:3 |       0 |      43 |   0.0 |       0 |       6 |   0.0 |   106
               +---------+---------+-------+---------+---------+-------+---------
